 Dungeon Crawl Stone Soup version 0.27.1-1-g398f81649c (webtiles) character file.

Game seed: 6029930225608586850

453 101zpm the Cudgeller (level 7, -2/42 HPs)
             Began as a Gargoyle Fighter on Sept 19, 2021.
             Slain by a wight (7 damage)
             ... on level 8 of the Dungeon.
             The game lasted 00:06:34 (4674 turns).

101zpm the Cudgeller (Gargoyle Fighter)             Turns: 4674, Time: 00:06:35

Health: -2/42      AC: 13    Str: 21    XL:     7   Next: 5%
Magic:  7/7        EV:  8    Int:  9    God:
Gold:   75         SH:  9    Dex:  9    Spells: 6/6 levels left

rFire    . . .     SeeInvis .   a - +0 flail
rCold    . . .     Faith    .   c - +0 kite shield
rNeg     + . .     Spirit   .   b - +0 scale mail
rPois    ∞         Reflect  .   (no helmet)
rElec    +         Harm     .   n - +0 cloak
rCorr    .         Rampage  .   (no gloves)
Will     .....                  (no boots)
Stlth    ..........             (no amulet)
HPRegen  0.14/turn              (no ring)
MPRegen  0.10/turn              (no ring)

@: no status effects
A: sickness immunity, AC +4, negative energy resistance 1, electricity
resistance, torment resistance 1, petrification resistance
a: no special abilities


You were on level 8 of the Dungeon.
You visited 1 branch of the dungeon, and saw 6 of its levels.

You collected 75 gold pieces.

Inventory:

Hand Weapons
 a - a +0 flail (weapon)
Missiles
 j - 7 boomerangs (quivered)
 o - 111 stones
 p - 12 arrows
 q - 9 poisoned darts
Armour
 b - a +0 scale mail (worn)
 c - a +0 kite shield (worn)
 n - a +0 cloak (worn)
Wands
 s - a wand of iceblast (6)
Scrolls
 e - 2 scrolls of noise {unknown}
 g - 3 scrolls of identify {unknown}
 i - 3 scrolls of magic mapping {unknown}
 k - 2 scrolls of immolation {unknown}
 l - a scroll of enchant weapon {unknown}
 m - 2 scrolls of enchant armour {unknown}
Potions
 d - a potion of might
 f - a potion of flight {unknown}
 h - a potion of haste
 r - a potion of berserk rage {unknown}
 t - a potion of invisibility {unknown}


   Skills:
 + Level 3.9 Fighting
 + Level 4.9 Maces & Flails
 + Level 0.1 Throwing
 + Level 4.8 Armour
 + Level 1.2 Dodging
 + Level 0.4 Stealth
 + Level 4.8 Shields


You had 6 spell levels left.
You didn't know any spells.
Your spell library contained the following spells:

 Spells                   Type           Power      Damage    Failure   Level
 Corona                   Hex            0%         N/A       98%         1
 Ensorcelled Hibernation  Hex/Ice        0%         N/A       99%         2
 Summon Guardian Golem    Hex/Summ       0%         N/A       100%        3
 Tukima's Dance           Hex            0%         N/A       100%        3
 Orb of Destruction       Conj           0%         N/A       100%        7
 Spellforged Servitor     Conj/Summ      0%         N/A       100%        7


Dungeon Overview and Level Annotations

Branches:
Dungeon (8/15)
 Temple: D:4-7         Lair: D:8-11

Altars:
Fedhas
Qazlal
The Shining One

Shops:
D:7 (

Annotations:
D:4 2 runed translucent doors


Innate Abilities, Weirdness & Mutations

You are immune to sickness and miasma.
Your stone body is resilient. (AC +4)
You are immune to poison.
You resist negative energy. (rN+)
You are resistant to electric shocks. (rElec)
You are resistant to unholy torment.
You are immune to petrification.


Message History

Items here: ( ))).
There is a stone staircase leading up here.
t - a pink potion You open the door.
Found a blossoming altar of Fedhas.
There is an open door here.
There is a blossoming altar of Fedhas here.
You open the door.
There is an open door here.
Found 22 stones.
A wight comes into view. It is wielding a +0 battleaxe.
The wight closely misses you.
You closely miss the wight. The wight hits you with a +0 battleaxe!
You hit the wight but do no damage. You block the wight's attack.
The wight hits you with a +0 battleaxe.
You hit the wight but do no damage. You block the wight's attack.
You hit the wight but do no damage. You block the wight's attack.
You sock the wight!
The wight is heavily damaged.
You block the wight's attack. The wight hits you with a +0 battleaxe!
You are too injured to fight recklessly!
You are too injured to fight recklessly!
You are too injured to fight recklessly!
You are too injured to fight recklessly!
You are too injured to fight recklessly!
You closely miss the wight.
The wight is heavily damaged.
The wight barely misses you.
You barely miss the wight.
The wight is heavily damaged.
You block the wight's attack.
You hit the wight.
The wight is severely damaged.
The wight hits you with a +0 battleaxe!
* * * LOW HITPOINT WARNING * * *
You block the wight's attack.
You barely miss the wight.
The wight is severely damaged.
The wight hits you with a +0 battleaxe!
You die...

#. #.# #. #.# #.
#.# #. #.# #.
#.##### #. #.#...#
#.###.#####.#.#'#
#.(.z@.......#_###
#.####.###....#'#.#
#.# ##.###.#.# #.#
#####.#.#### #.#
#.......# #.#
#.<.....# #.#
#(.)....# #.#
#.......# #.......#


You could see a wight.

Vanquished Creatures
  A water moccasin (D:8)
  A necrophage (D:4)
  A kobold brigand (D:8)
  A bullfrog (D:7)
  A hound skeleton (D:4)
  4 adders
  2 worms
  2 dart slugs (D:1)
  2 endoplasms
  2 giant cockroaches
  4 hobgoblins
  9 jackals (D:1)
  12 kobolds
  5 quokkas
  8 ball pythons
  2 bats (D:1)
  4 frilled lizards
  7 goblins
  11 rats
79 creatures vanquished.

Notes
Turn   | Place    | Note
-------+----------+-------------------------------------------
     0 | D:1      | 101zpm the Gargoyle Fighter began the quest for the Orb.
     0 | D:1      | Reached XP level 1. HP: 14/14 MP: 1/1
   112 | D:1      | Reached XP level 2. HP: 17/19 MP: 2/2
   603 | D:1      | Reached XP level 3. HP: 13/23 MP: 3/3
  1278 | D:1      | Found a faded altar of an unknown god.
  1487 | D:2      | Reached XP level 4. HP: 22/28 MP: 4/4
  2857 | D:3      | Found a stormy altar of Qazlal.
  3237 | D:4      | Found a large runed translucent door.
  3238 | D:4      | Found a large runed translucent door.
  3337 | D:4      | Reached XP level 5. HP: 30/32 MP: 5/5
  3741 | D:4      | Noticed an ogre
  3826 | D:4      | Noticed a necrophage
  3839 | D:4      | Killed a necrophage
  3973 | D:4      | You fall into a shaft and drop 3 floors!
  3985 | D:7      | Found Duczex's Antique Weapon Shoppe.
  3990 | D:7      | Noticed a kobold brigand
  3994 | D:7      | Noticed a water moccasin
  3995 | D:7      | Noticed a cyclops
  4000 | D:7      | Reached XP level 6. HP: 18/38 MP: 6/6
  4024 | D:7      | Found a glowing golden altar of the Shining One.
  4030 | D:8      | Killed a water moccasin
  4031 | D:8      | Reached skill level 1 in Dodging
  4371 | D:8      | Reached XP level 7. HP: 9/42 MP: 7/7
  4650 | D:8      | Found a blossoming altar of Fedhas.
  4674 | D:8      | Slain by a wight

Illustrated notes

Levels and vault maps discovered:
D:1:      minmay_arrival_glassed_features, layout_loops_corners,
          ebering_ecumenical_altar_rust, minmay_misc_feat_tiny
D:2:      layout_basic
D:3:      layout_loops_cross, mainiacjoe_overflow_paths, minmay_fountain_box
D:4:      layout_basic, nicolae_gozag_cash_rules_everything_around_me,
          jmf_multi_god_temple2, uniq_natasha, uniq_eustachio
D:7:      layout_cave_pools, good_gods_temple_1, serial_shops,
          nicolae_shop_trees, palyth_stone_intersect
D:8:      layout_loops_ring, nicolae_uskayaw_suspiria, kennysheep_mini,
          uniq_harold

Skill      XL: |  1  2  3  4  5  6 |
---------------+-------------------+-----
Armour         | 4 |  4.8
Shields        | 4 |  4.8
Maces & Flails | 3 4 |  4.9
Dodging        | 1 |  1.2
Fighting       | |  3.9
Throwing       | |  0.1
Stealth        | |  0.4

Action                   |  1- 3 |  4- 6 |  7- 9 || total
-------------------------+-------+-------+-------++-------
Melee: Flail             |   129 |   164 |    16 ||   309
Throw: Boomerang         |       |     3 |       ||     3
Armor: Scale mail        |    96 |   104 |     6 ||   206
Dodge: Dodged            |    65 |    56 |     6 ||   127
Block: Kite shield       |    93 |   115 |    11 ||   219
